 Dungeon Crawl Stone Soup version 0.30.1-4-g462c640d31 (webtiles) character file.

Game seed: 8833077724560616594

35118 safid the Gelid (level 13, 0/108 HPs)
             Began as a Merfolk Ice Elementalist on Aug 14, 2023.
             Was a High Priest of Vehumet.
             Slain by a black mamba (2 damage)
             ... while petrified by a catoblepas
             ... on level 5 of the Lair of Beasts.
             The game lasted 00:37:53 (17941 turns).

safid the Gelid (Merfolk Ice Elementalist)         Turns: 17941, Time: 00:37:53

Health: 0/108      AC:  7    Str:  1    XL:     13   Next: 81%
Magic:  0/25       EV:  2    Int: 23    God:    Vehumet [*****.]
Gold:   685        SH:  0    Dex: 24    Spells: 13/28 levels left

rFire   + . .        w - +4 long sword of Pegiytil {pain, rN++ Dex+3}
rCold   + + .        (no shield)
rNeg    + + +        f - +2 robe {rF+}
rPois   ∞            y - +1 helmet of Hewkix {Str-3 Int+5 Dex+6}
rElec   .            d - +0 cloak
rCorr   .            (no gloves)
SInv    .            (no boots)
Will    .....        v - amulet of guardian spirit
Stlth   +++          I - ring "Ubbott" {rC++ EV+5 Str-5}
HPRegen 0.38/turn    B - ring of poison resistance
MPRegen 0.19/turn

%: guardian spirit
@: petrified, very slightly contaminated
A: (nimble swimmer 2), mertail
a: Renounce Religion


You were on level 5 of the Lair of Beasts.
You worshipped Vehumet.
Vehumet was extremely pleased with you.
You visited 2 branches of the dungeon, and saw 16 of its levels.
You also visited: Sewer.

You collected 1189 gold pieces.
You spent 504 gold pieces at shops.

Inventory:

Hand Weapons
 w - the +4 long sword of Pegiytil (weapon) {pain, rN++ Dex+3}
   (You found it on level 4 of the Dungeon)

   Dex:       It affects your dexterity (+3).
   rN:        It greatly protects you from negative energy.
Missiles
 b - 3 curare-tipped darts
 n - 13 throwing nets
Armour
 d - a +0 cloak (worn)
 f - a +2 robe of fire resistance (worn)
 y - the +1 helmet of Hewkix (worn) {Str-3 Int+5 Dex+6}
   (You found it on level 8 of the Dungeon)

   Str:       It affects your strength (-3).
   Int:       It affects your intelligence (+5).
   Dex:       It affects your dexterity (+6).
Jewellery
 v - an amulet of guardian spirit (around neck)
 B - a ring of poison resistance (right hand)
 I - the ring "Ubbott" (left hand) {rC++ EV+5 Str-5}
   (You found it on level 1 of the Lair of Beasts)

   [ring of evasion]

   EV:        It affects your evasion (+5).
   Str:       It affects your strength (-5).
   rC:        It greatly protects you from cold.
Wands
 q - a wand of flame (48)
 t - a wand of mindburst (11)
 A - a wand of charming (8)
 D - a wand of iceblast (3)
 F - a wand of polymorph (4)
Scrolls
 h - 2 scrolls of amnesia
 j - 6 scrolls of teleportation
 o - 2 scrolls of silence
 s - 5 scrolls of enchant armour
 x - 3 scrolls of fog
 C - a scroll of brand weapon
 E - a scroll of fear
 G - a scroll of magic mapping
 H - a scroll of summoning
Potions
 a - 2 potions of berserk rage
 c - 4 potions of might
 e - 9 potions of flight
 g - 2 potions of brilliance
 i - 7 potions of heal wounds
 k - 9 potions of curing
 l - 2 potions of mutation
 m - a potion of cancellation {unknown}
 r - 4 potions of resistance
 u - 2 potions of magic
 z - 6 potions of haste
 J - a potion of invisibility {unknown}


   Skills:
 + Level 12.1 Fighting
 + Level 12.2 Dodging
 - Level 2.1 Stealth
 - Level 8.0 Spellcasting
 - Level 4.0 Conjurations
 * Level 8.7 Transmutations
 + Level 16.1 Ice Magic


You had 13 spell levels left.
You knew the following spells:

 Your Spells              Type           Power      Damage    Failure   Level
a - Freeze                Ice            100%       1d10      0%          1
b - Frozen Ramparts       Ice            100%       1d16      1%          3
c - Ozocubu's Armour      Ice            70%        N/A       1%          3
d - Hailstorm             Conj/Ice       53%        3d12      1%          3
e - Irradiate             Conj/Tmut      19%        3d18      4%          5

Your spell library contained the following spells:

 Spells                   Type           Power      Damage    Failure   Level
 Flame Wave               Conj/Fire      18%        2d7       9%          4
 Foxfire                  Conj/Fire      72%        2x1d7     1%          1
 Summon Ice Beast         Ice/Summ       46%        N/A       2%          4
 Inner Flame              Hex/Fire       9%         N/A       5%          3
 Volatile Blastmotes      Fire/Tloc      18%        2d11      5%          3
 Blade Hands              Tmut           24%        N/A       5%          5
 Metabolic Englaciation   Hex/Ice        23%        N/A       7%          5
 Fulminant Prism          Conj/Hex       9%         3d6       9%          4
 Iskenderun's Mystic Bla  Conj/Tloc      18%        2d6       9%          4
 Yara's Violent Unravell  Hex/Tmut       14%        3d7       9%          5
 Iskenderun's Battlesphe  Conj           27%        2d8       11%         5
 Petrify                  Tmut/Erth      29%        N/A       12%         4
 Portal Projectile        Hex/Tloc       18%        N/A       21%         3
 Tukima's Dance           Hex            9%         N/A       21%         3
 Fireball                 Conj/Fire      9%         3d6       21%         5
 Lee's Rapid Deconstruct  Erth           4%         3d5*      41%         5
 Animate Armour           Summ/Erth      18%        N/A       56%         4
 Conjure Ball Lightning   Conj/Air       9%         3x3d6     71%         6
 Iron Shot                Conj/Erth      9%         9d3       71%         6
 Starburst                Conj/Fire      9%         6d5       71%         6
 Statue Form              Tmut/Erth      19%        N/A       87%         6
 Plasma Beam              Fire/Air       4%         2x1d16    92%         6
 Orb of Destruction       Conj           13%        9d7       93%         7
 Enfeeble                 Hex            4%         N/A       100%        7


Dungeon Overview and Level Annotations

Branches:
Dungeon (11/15)            Temple (0/1) D:7            Lair (5/5) D:11
  Swamp (0/4) Lair:2        Snake (0/4) Lair:2        Slime (0/5) Lair:4
    Orc (0/2) D:10          Sewer (visited)

Altars:
Dithmenos
Elyvilon
Qazlal
Uskayaw
Vehumet
Xom

Shops:
D:5 =   D:6 (   D:9 (*(?!

Portals:
Trove: D:11 (give 12 potions of heal wounds)

Annotations:
D:5 exclusion: 2 electric eels
D:8 2 transporters
Lair:1 exclusion: 2 catoblepae
Lair:2 1 runed translucent door, bairyn's ghost, journeyman SpRe


Innate Abilities, Weirdness & Mutations

((You are very nimble when in or above water. (Stealth+, EV+, Speed+++)))
Your lower body shifts to a powerful aquatic tail in water.


Message History

The plant turns to stone!
The plant is engulfed in calcifying dust.
The plant turns to stone!
The plant is engulfed in calcifying dust.
The yak is engulfed in calcifying dust.
The yak is moving more slowly.
A yak comes into view.
The torpor snail is engulfed in calcifying dust.
Unknown command.
Unknown command.
Found a whip.
The plant is engulfed in calcifying dust.
A nearby plant withers and dies.
The plant is engulfed in calcifying dust.
A nearby plant withers and dies.
The plant is engulfed in calcifying dust.
The plant turns to stone!
The plant is engulfed in calcifying dust.
The plant turns to stone!
The yak is engulfed in calcifying dust.
The yak is moving more slowly.
You have turned to stone.
The plant is engulfed in calcifying dust.
A nearby plant withers and dies.
The plant is engulfed in calcifying dust.
A nearby plant withers and dies.
A yak comes into view.
The yak gores the plant.
The plant begins to die.
The black mamba bites you!
* * * LOW HITPOINT WARNING * * *
The yak stops moving altogether!
The catoblepas breathes a plume of calcifying dust at you.
The blast of calcifying dust hits the torpor snail!
The blast of calcifying dust hits you.
* * * LOW HITPOINT WARNING * * *
The black mamba bites you!
* * * LOW HITPOINT WARNING * * *
The yak gores the plant!
Cornered, the yak turns to fight!
You are engulfed in calcifying dust.
You feel yourself speed up.
The yak bellows! x2; You hear a bellow! x2
The black mamba bites you but does no damage.
The black mamba bites you.
You die...

#..... #.§.P.....
#..... ##Y.P♣PP♣♣#
..#. #...P♣♣♣.##
####...## #Y..♣♣ ...
.....#..###..PP♣ ....
........##..w..♣PP...
#.†.FY§Y..♣
.......#Y.Y.§...♣
P...##Y.####@..P♣ ##
#.. #S....P.. #..
#.......# ###
.......l.#
..........#
...........
....^..#..#.
.....)#..##


You could see a komodo dragon, a black mamba, 5 yaks and a blink frog
(petrified, fleeing).

Vanquished Creatures
  Snorg (D:10)
  A hydra (Lair:2)
  4 two-headed ogres
  6 death yaks (Lair:5)
  A boulder beetle (Lair:1)
  Urug (Lair:1)
  Amaemon (Lair:1)
  Pikel (D:7)
  A necromancer (Lair:3)
  5 elephants (Lair:4)
  A gargoyle (D:11)
  An orange demon (Lair:1)
  11 cane toads
  2 unseen horrors
  2 rime drakes
  A freezing wraith (D:11)
  2 komodo dragons
  A hornet (D:9)
  3 trolls
  A polar bear (Lair:5)
  5 dream sheep (Lair:5)
  8 blink frogs
  Sigmund (D:5)
  2 spriggans (Lair:4)
  5 wyverns
  28 yaks
  Grum (D:9)
  A basilisk (Lair:1)
  A steam dragon (Lair:3)
  A vampire mosquito (D:11)
  2 nagas (Lair:2)
  Duvessa (D:6)
  3 acid dragons
  8 black bears
  3 ice beasts
  16 water moccasins
  A swamp drake (D:11)
  3 orc warriors
  An elephant zombie (Lair:3)
  An ogre (D:7)
  14 wolves
  6 centaurs
  A lemure (D:7)
  A phantom (D:6)
  2 kobold brigands (Sewer)
  A komodo dragon zombie (Lair:3)
  Blork the orc (D:6)
  5 gnoll sergeants
  2 scorpions
  10 bullfrogs
  8 wights
  Dowan (D:6)
  11 killer bees
  2 electric eels (Lair:3)
  7 hounds
  2 basilisk zombies (Lair:3)
  2 orc priests
  3 jellies
  5 gnoll boudas
  5 sleepcaps
  Terence (D:2)
  4 iguanas
  4 orc wizards
  7 adders
  33 gnolls
  2 river rats (Sewer)
  A white imp (D:8)
  An ufetubus (D:5)
  2 worms
  2 dart slugs
  21 orcs
  9 ball pythons
  7 bats
  5 endoplasms
  A giant cockroach (D:4)
  7 goblins
  7 hobgoblins
  11 jackals
  2 quokkas
  4 frilled lizards
  9 kobolds
  9 rats
377 creatures vanquished.

Vanquished Creatures (others)
  A vampire mosquito (D:11)
1 creature vanquished.

Grand Total: 378 creatures vanquished

Notes
Turn   | Place    | Note
-------+----------+-------------------------------------------
     0 | D:1      | safid the Merfolk Ice Elementalist began the quest for the
                  | Orb.
     0 | D:1      | Reached XP level 1. HP: 13/13 MP: 3/3
   191 | D:1      | Reached XP level 2. HP: 20/20 MP: 3/5
   257 | D:1      | Reached skill level 1 in Fighting
   729 | D:1      | Reached XP level 3. HP: 13/26 MP: 4/6
   946 | D:2      | Learned a level 3 spell: Frozen Ramparts
   950 | D:2      | Learned a level 3 spell: Ozocubu's Armour
   989 | D:2      | Found a radiant altar of Vehumet.
  1005 | D:2      | Became a worshipper of Vehumet
  1088 | D:2      | Reached XP level 4. HP: 20/33 MP: 0/8
  1169 | D:2      | Reached skill level 5 in Ice Magic
  1823 | D:2      | Noticed Terence
  1831 | D:2      | Killed Terence
  2101 | D:3      | Found a radiant altar of Vehumet.
  2119 | D:3      | Reached XP level 5. HP: 31/39 MP: 2/9
  2127 | D:3      | Reached * piety under Vehumet
  2127 | D:3      | Offered knowledge of Kiss of Death by Vehumet.
  2179 | D:3      | Found a glowing drain.
  2189 | Sewer    | Entered a sewer
  2337 | Sewer    | Noticed a kobold brigand
  2342 | Sewer    | Noticed a kobold brigand
  2355 | Sewer    | Killed a kobold brigand
  2355 | Sewer    | Killed a kobold brigand
  2356 | Sewer    | Reached XP level 6. HP: 23/48 MP: 8/11
  2457 | Sewer    | Found a glowing silver altar of Zin.
  2754 | D:3      | Reached skill level 6 in Ice Magic
  3607 | D:4      | Identified the +4 long sword of Pegiytil {pain, rN++ Dex+3}
  3658 | D:4      | Learned a level 3 spell: Hailstorm
  3734 | D:4      | Reached XP level 7. HP: 51/54 MP: 10/13
  3893 | D:5      | Entered Level 5 of the Dungeon
  3959 | D:5      | Found Fintias's Jewellery Shoppe.
  4200 | D:5      | Found a hide-covered altar of Uskayaw.
  4212 | D:5      | Found a shimmering altar of Xom.
  4248 | D:5      | Found a white marble altar of Elyvilon.
  4346 | D:5      | Noticed Sigmund
  4354 | D:5      | Killed Sigmund
  4355 | D:5      | Reached ** piety under Vehumet
  4371 | D:5      | Offered knowledge of Scorch by Vehumet.
  4372 | D:5      | Reached XP level 8. HP: 25/61 MP: 0/15
  4381 | D:5      | Reached skill level 5 in Fighting
  4628 | D:5      | Killed an unseen horror
  4629 | D:5      | Reached skill level 5 in Dodging
  4629 | D:5      | Reached skill level 5 in Spellcasting
  4629 | D:5      | Reached skill level 7 in Ice Magic
  5159 | D:5      | Found a stormy altar of Qazlal.
  5186 | D:6      | Noticed Duvessa
  5187 | D:6      | Noticed Dowan
  5636 | D:6      | Killed Duvessa
  5638 | D:6      | Killed Dowan
  5863 | D:6      | Reached XP level 9. HP: 67/69 MP: 3/17
  6135 | D:6      | Reached skill level 8 in Ice Magic
  6224 | D:6      | Offered knowledge of Mephitic Cloud by Vehumet.
  6334 | D:6      | Found Biott's Antique Weapon Emporium.
  6347 | D:6      | Reached *** piety under Vehumet
  6755 | D:6      | Noticed Blork the orc
  6768 | D:6      | Killed Blork the orc
  7920 | D:7      | Offered knowledge of Sticky Flame by Vehumet.
  7982 | D:7      | Reached skill level 9 in Ice Magic
  7984 | D:7      | Reached XP level 10. HP: 80/80 MP: 14/20
  8117 | D:7      | Found a staircase to the Ecumenical Temple.
  8211 | D:8      | Noticed Pikel
  8223 | D:7      | Killed Pikel
  8728 | D:8      | Noticed a two-headed ogre
  8739 | D:8      | Killed a two-headed ogre
  8858 | D:8      | Found a transporter.
  8917 | D:8      | Found a transporter.
  8919 | D:8      | Identified the +1 helmet of Hewkix {Str-3 Int+5 Dex+6}
  9211 | D:9      | Found Ypro's General Store.
  9332 | D:9      | Reached **** piety under Vehumet
  9343 | D:9      | Offered knowledge of Dazzling Flash by Vehumet.
  9344 | D:9      | Reached skill level 10 in Dodging
  9344 | D:9      | Reached skill level 10 in Ice Magic
  9368 | D:9      | Found Nileuts's Distillery.
  9379 | D:9      | Noticed a two-headed ogre
  9388 | D:9      | Reached XP level 11. HP: 84/89 MP: 12/22
  9396 | D:9      | Killed a two-headed ogre
  9502 | D:9      | Bought a potion of haste for 130 gold pieces
  9502 | D:9      | Bought a potion of degeneration for 13 gold pieces
  9502 | D:9      | Bought a potion of heal wounds for 65 gold pieces
  9577 | D:9      | Found Vyempepn's Magic Scroll Boutique.
  9582 | D:9      | Bought a scroll of noise for 16 gold pieces
  9582 | D:9      | Bought a scroll of fear for 64 gold pieces
  9582 | D:9      | Bought a scroll of identify for 32 gold pieces
  9582 | D:9      | Bought a scroll of fog for 64 gold pieces
  9582 | D:9      | Bought a scroll of magic mapping for 120 gold pieces
  9734 | D:9      | Found Nupeisk's Antique Weapon Shoppe.
  9790 | D:9      | Noticed Grum
  9805 | D:9      | Killed Grum
  9835 | D:9      | Found Pohall's Weapon Boutique.
 10342 | D:10     | Entered Level 10 of the Dungeon
 10349 | D:10     | Noticed Snorg
 10365 | D:10     | Killed Snorg
 10366 | D:10     | Reached skill level 10 in Fighting
 10366 | D:10     | Reached skill level 11 in Ice Magic
 10692 | D:10     | Found a staircase to the Orcish Mines.
 10900 | D:10     | Noticed a two-headed ogre
 10909 | D:10     | Killed a two-headed ogre
 10969 | D:10     | Reached ***** piety under Vehumet
 10970 | D:10     | Offered knowledge of Irradiate by Vehumet.
 11482 | D:11     | Noticed a two-headed ogre
 11492 | D:11     | Killed a two-headed ogre
 11682 | D:11     | Found a staircase to the Lair.
 11768 | D:11     | Reached skill level 12 in Ice Magic
 11909 | D:11     | Reached XP level 12. HP: 100/100 MP: 18/24
 12227 | D:11     | Found a portal to a secret trove of treasure.
 12491 | Lair:1   | Entered Level 1 of the Lair of Beasts
 12491 | Lair:1   | Noticed a catoblepas
 12641 | Lair:1   | Noticed Urug
 12646 | Lair:1   | Noticed a boulder beetle
 12657 | Lair:1   | Killed Urug
 12679 | Lair:1   | Killed a boulder beetle
 12680 | Lair:1   | Reached skill level 13 in Ice Magic
 12942 | Lair:1   | Noticed Amaemon
 12981 | Lair:1   | Killed Amaemon
 13347 | Lair:1   | Identified the ring "Ubbott" {rC++ EV+5 Str-5}
 13617 | Lair:1   | Noticed a catoblepas
 13722 | Lair:2   | Found a staircase to the Snake Pit.
 13923 | Lair:2   | Reached skill level 14 in Ice Magic
 14007 | Lair:2   | Learned a level 5 spell: Irradiate
 14307 | Lair:2   | Reached skill level 1 in Transmutations
 14308 | Lair:2   | Reached skill level 1 in Conjurations
 14333 | Lair:2   | Found a runed translucent door.
 14335 | Lair:2   | Noticed bairyn's ghost (journeyman SpRe)
 14336 | Lair:2   | Identified the +7 trident "Dopontun" {holy, rF++ rN+ Will-}
 14401 | Lair:2   | Identified the ring of the Shrinking Gods {rC++ Dex+6}
 14477 | Lair:2   | Found a staircase to the Swamp.
 14477 | Lair:2   | Noticed an eight-headed hydra
 14489 | Lair:2   | Killed an eight-headed hydra
 15650 | Lair:3   | Identified the +2 leather armour of the Ward {rElec Int+3
                  | Dex+3 Slay-2}
 16016 | Lair:3   | Reached XP level 13. HP: 85/108 MP: 11/25
 16260 | Lair:3   | Offered knowledge of Flame Wave by Vehumet.
 16480 | Lair:4   | Reached skill level 5 in Transmutations
 16668 | Lair:4   | Found a shadowy altar of Dithmenos.
 16827 | Lair:4   | Reached skill level 15 in Ice Magic
 16935 | Lair:4   | Found a staircase to the Slime Pits.
 17461 | Lair:5   | Entered Level 5 of the Lair of Beasts
 17523 | Lair:5   | Reached skill level 16 in Ice Magic
 17940 | Lair:5   | HP: 2/108 [black mamba (4)]
 17941 | Lair:5   | Slain by a black mamba

Illustrated notes

Levels and vault maps discovered:
D:1:      dpeg_arrival_morbid_curiosity, layout_basic, minmay_crystal_room,
          nicolae_grassy_gnolls
D:2:      layout_loops_corners, basic_altar, uniq_terence
D:3:      layout_loops_ring, vehumet_altar_wand_db, portal_sewer_entry_b
D:4:      layout_loops_ring, hangedman_abyss_or_decor_jellyfish_corner
D:5:      cheibrodos_two_vegetables, layout_gridville,
          nicolae_overflow_quartered_altars, serial_shops, shop,
          serial_bayou_pond_d, eino_small_chamber_without_monster, uniq_sigmund
D:6:      layout_cave_pods, serial_gnoll_camp, gnoll_camp_mini_hut,
          gnoll_camp_mini_shop, gnoll_camp_medium_01, gnoll_camp_mini_hut,
          gnoll_camp_medium_02, chequers_serial_rivers_large_b,
          uniq_blork_the_orc, uniq_duvessa
D:7:      layout_basic, temple_pool_b
D:8:      gammafunk_steamed_eel, layout_cave_pools,
          hangedman_abyss_or_decor_clamps, uniq_pikel
D:9:      layout_basic, serial_shops, nicolae_shop_rolling_square,
          kennysheep_mini_moat, nicolae_shop_competitors_out_of_business,
          shop_coins, nicolae_take_the_stairs, nicolae_elevator_lobby_asterisk,
          uniq_grum
D:10:     layout_basic, david_orc_3, uniq_snorg
D:11:     layout_small_grid, lair_entry_dummy, trove_entry_hex_spiral, pond
Lair:1:   layout_misc_corridors, hibernation_bobbens, uniq_urug, uniq_amaemon
Lair:2:   layout_cave_pods, minmay_swamp_entry_reptiles,
          guppyfry_snake_entry_island, ebering_ghost_funeral_grove,
          beast_lair_carwin_1, grunt_megastairs_1, serial_bayou_shore_b
Lair:3:   pond_and_an_island_with_a_cottage, layout_chaotic_city,
          infiniplex_staircase_pool, grunt_megastairs_3
Lair:4:   wad_woods_tower, layout_hall_layers, slime_entry_1, basic_altar,
          small_statue_intersection
Lair:5:   hangedman_lair_in_review, layout_layer_cave, serial_forest,
          infiniplex_forest_clump_long, infiniplex_forest_zigzag_1,
          infiniplex_forest_end_1, infiniplex_forest_lined_2,
          infiniplex_forest_clump_double, infiniplex_forest_clump_tiny,
          infiniplex_staircase_pool_2

Skill      XL: |  1  2  3  4  5  6  7  8  9 10 11 12 13 |
---------------+----------------------------------------+-----
Fighting       | 1 2 3 4 6 7 9 11 12 | 12.1
Ice Magic      | 5 6 7 9 10 12 14 16 | 16.1
Spellcasting   | 3 4 5 6 7 8 |  8.0
Dodging        | 3 4 6 8 10 12 | 12.2
Transmutations | 4 8 |  8.7
Conjurations   | 2 4 |  4.0
Stealth        | |  2.1

Action                     |  1- 3 |  4- 6 |  7- 9 | 10-12 | 13-15 || total
---------------------------+-------+-------+-------+-------+-------++-------
  Melee: Unarmed           |    13 |       |       |       |       ||    13
         Mace              |    35 |    61 |       |       |       ||    96
         Punch             |     1 |     2 |     2 |     7 |     3 ||    15
         Long sword        |       |     4 |   138 |   263 |   144 ||   549
         Tailslap          |       |       |     3 |     6 |       ||     9
   Cast: Freeze            |    29 |    48 |    24 |    92 |    16 ||   209
         Frozen Ramparts   |       |    10 |    37 |    66 |    22 ||   135
         Ozocubu's Armour  |       |     4 |    30 |    56 |    18 ||   108
         Irradiate         |       |       |       |       |     3 ||     3
    Use: Potion            |       |     1 |     3 |     2 |       ||     6
         Scroll            |       |       |     7 |     5 |     2 ||    14
   Stab: Sleeping          |     3 |     3 |     2 |     2 |       ||    10
 Armour: Robe              |     9 |    22 |    67 |    78 |    51 ||   227
  Dodge: Dodged            |    56 |   115 |   401 |   603 |   315 ||  1490
